 Dungeon Crawl Stone Soup version 0.21.1-1-g345015f (webtiles) character file.

57 tyranidshit the Skirmisher (level 3, 0/31 HPs)
             Began as a Demonspawn Abyssal Knight on July 26, 2018.
             Was a Believer of Lugonu.
             Slain by Sigmund
             ... wielding a +0 scythe
              (8 damage)
             ... on level 2 of the Dungeon.
             The game lasted 00:03:00 (807 turns).

tyranidshit the Skirmisher (DsAK)                    Turns: 807, Time: 00:03:01

Health: 0/31       AC: 10    Str: 12 (13) XL:     3   Next: 73%
Magic:  4/4        EV:  2    Int: 11 (13) God:    Lugonu [**....]
Gold:   12         SH:  0    Dex: 10 (12) Spells: 2/2 levels left

rFire    . . .     SeeInvis .   a - +1 hand axe
rCold    . . .     Gourm    .   (no shield)
rNeg     . . .     Faith    .   f - +0 plate armour
rPois    .         Spirit   .   (helmet restricted)
rElec    .         Reflect  .   (no cloak)
rCorr    .         Harm     .   (no gloves)
MR       .....                  (no boots)
Stlth    ..........             (no amulet)
HPRegen  0.10/turn              (no ring)
MPRegen  0.09/turn              (no ring)

@: no status effects
A: antennae 1, powered by death 1
a: Depart the Abyss, Bend Space, Renounce Religion


You were on level 2 of the Dungeon.
You worshipped Lugonu.
Lugonu was pleased with you.
You were not hungry.

You visited 1 branch of the dungeon, and saw 2 of its levels.
You visited the Abyss 1 time.

You collected 12 gold pieces.

Inventory:

Hand Weapons
 a - a +1 hand axe (weapon)
Armour
 b - a +0 leather armour
 f - a +0 plate armour (worn)
Scrolls
 d - 4 scrolls of identify
Comestibles
 c - 4 rations


   Skills:
 + Level 4.7 Fighting
 - Level 1.7 Axes
 - Level 1.7 Armour
 - Level 0.8 Dodging
 - Level 2.4 Invocations


You had 2 spell levels left.
You didn't know any spells.

Dungeon Overview and Level Annotations

Branches:
Dungeon (2/15)

Altars:
Yredelemnul

Annotations:
D:2 Sigmund


Innate Abilities, Weirdness & Mutations

You have a pair of small antennae on your head.
You regenerate a little health from kills.


Message History

Sigmund shouts!
Sigmund is nearby!
Sigmund is nearby!
Sigmund casts a spell.
Sigmund flickers and vanishes!
Deactivating autopickup; reactivate with Ctrl-A.
You barely miss something. Something hits you.
Your plate armour prevents you from hitting something.
Something hits you but does no damage.
You hit something. You closely miss something. Something hits you.
Your plate armour prevents you from hitting something.
Something hits you but does no damage.
You miss something. Something hits you.
You miss something. Something hits you but does no damage.
You miss something. Something hits you!
* * * LOW HITPOINT WARNING * * *
Your plate armour prevents you from hitting something.
You closely miss something. Something hits you!
You die...

#...............
#..#####.............
#..#................
##.#.###.###.......#
#.#.###.###.......#
#.#.##...##.......#
#......_..........#
##..##...##.#.{...#
#..###.## #.@...#
#..###.###.#.....#
#..........#.....#
#......#####.#####
######.......#
#########


There were no monsters in sight!

Vanquished Creatures
  3 oozes (D:1)
  A leopard gecko (D:1)
  2 bats
  6 giant cockroaches (D:1)
  A goblin (D:1)
  2 hobgoblins (D:1)
  12 jackals
  2 ball pythons (D:1)
  2 frilled lizards
  2 kobolds (D:1)
  6 rats
39 creatures vanquished.

Notes
Turn   | Place    | Note
-------+----------+-------------------------------------------
     0 | Abyss:1  | tyranidshit the Demonspawn Abyssal Knight began the quest for the Orb.
     0 | Abyss:1  | Reached XP level 1. HP: 18/18 MP: 2/2
   136 | Abyss:1  | Noticed a bone dragon
   151 | D:1      | Escaped the Abyss
   153 | D:1      | Found a runed door.
   162 | D:1      | Reached * piety under Lugonu
   174 | D:1      | Gained mutation: You have a pair of small antennae on your head. [demonic ancestry]
   174 | D:1      | Reached XP level 2. HP: 18/24 MP: 3/3
   196 | D:1      | Reached skill level 4 in Fighting
   206 | D:1      | Gained mutation: You regenerate a little health from kills. [demonic ancestry]
   206 | D:1      | Reached XP level 3. HP: 9/30 MP: 4/4
   451 | D:1      | Reached ** piety under Lugonu
   767 | D:2      | Found a basalt altar of Yredelemnul.
   794 | D:2      | Noticed Sigmund
   807 | D:2      | Slain by Sigmund

Skill      XL: |  1  2 |
---------------+-------+-----
Fighting       | 4 |  4.7
Axes           | |  1.7
Armour         | |  1.7
Dodging        | |  0.8
Invocations    | |  2.4

Action                   || total
-------------------------++-------
Melee: Hand axe          ||   134
Invok: Depart the Abyss  ||     1
  Use: Scroll            ||     4
       Potion            ||     3
Armor: Plate armour      ||   164
Dodge: Dodged            ||    23
